 Dungeon Crawl Stone Soup version 0.28-a0-461-g2dc4ca5097 (webtiles) character file.

Game seed: 7191726962406567577

3 tarna41 the Conjurer (level 1, 0/14 HPs)
             Began as a Draconian Conjurer on Sept 13, 2021.
             Slain by a quokka (2 damage)
             ... on level 1 of the Dungeon.
             The game lasted 00:03:02 (91 turns).

tarna41 the Conjurer (Draconian Conjurer)             Turns: 91, Time: 00:03:09

Health: 0/14       AC:  4    Str:  9    XL:     1   Next: 41%
Magic:  3/3        EV: 12    Int: 18    God:
Gold:   19         SH:  0    Dex:  9    Spells: 3/4 levels left

rFire   . . .      SeeInvis .   c - +0 dagger
rCold   . . .      Faith    .   (no shield)
rNeg    . . .      Spirit   .   (armour unavailable)
rPois   .          Reflect  .   (helmet restricted)
rElec   .          Harm     .   (no cloak)
rCorr   .          Rampage  .   (no gloves)
Will    .....                   (no boots)
Stlth   ++........              (no amulet)
HPRegen 0.04/turn               (no ring)
MPRegen 0.08/turn               (no ring)

@: no status effects
A: AC +4, unfitting armour, cold-blooded
a: no special abilities


You were on level 1 of the Dungeon.
You visited 1 branch of the dungeon, and saw 1 of its levels.

You collected 19 gold pieces.

Inventory:

Hand Weapons
 b - a +0 whip
 c - a +0 dagger (weapon)
Potions
 a - a potion of might {unknown}


   Skills:
 + Level 1.8 Dodging
 + Level 1.7 Stealth
 + Level 2.0 Spellcasting
 + Level 4.1 Conjurations


You had 3 spell levels left.
You knew the following spells:

 Your Spells              Type           Power      Damage    Failure   Level
a - Magic Dart            Conj           64%        1d6       3%          1

Your spell library contained the following spells:

 Spells                   Type           Power      Damage    Failure   Level
 Searing Ray              Conj           32%        2d5       4%          2
 Dazzling Flash           Conj/Hex       18%        N/A       24%         3
 Fulminant Prism          Conj/Hex       4%         3d6       61%         4
 Iskenderun's Mystic Bla  Conj/Tloc      9%         2d4       61%         4


Dungeon Overview and Level Annotations

Branches:
Dungeon (1/15)

Altars:


Innate Abilities, Weirdness & Mutations

Your plain brown scales are hard. (AC +4)
You cannot fit into any form of body armour.
You are cold-blooded and may be slowed by cold attacks.


Message History

The goblin barely misses you.
You hit the goblin.
You kill the goblin!
You see here a +0 dagger.
c - a +0 dagger (weapon)
Okay, then.
Found 11 gold pieces.
Found 16 bolts. 2 rats come into view.
A quokka comes into view.
A dart slug comes into view.
Found a lumpy golden potion.
You see here 11 gold pieces.
The rat misses you.
You barely miss the rat. The rat closely misses you. x2
You hit the rat.
You tail-slap the rat, but do no damage.
The rat is heavily wounded.
The quokka bites you. The rat misses you. The rat bites you but does no damage.
You hit the rat.
You kill the rat!
The quokka misses you. The dart slug launches a dart at you.
The slug dart misses you.
The slug dart hits the quokka.
The rat completely misses you. The rat bites you but does no damage.
The quokka bites you.
You see here a rat corpse.
The rat bites you. The dart slug closely misses you.
You hit the rat.
You kill the rat!
The quokka bites you. The dart slug closely misses you.
The quokka completely misses you. The quokka closely misses you.
You closely miss the quokka.
Your tail-slap misses the quokka.
The quokka is heavily wounded.
The dart slug launches a dart at you. The slug dart hits you.
* * * LOW HITPOINT WARNING * * *
The quokka bites you.
You die...

#....# ....+
#....##....##..
#..............
##.............
#.............
#............#
#...$....(...#
#.............
#...†r@.....#
#...........#
#...w.......#
#...........#
#...........+
#.!.........#
#...........#
#######+#####


You could see a dart slug and a quokka.

Vanquished Creatures
  A goblin (D:1)
  A frilled lizard (D:1)
  2 rats (D:1)
4 creatures vanquished.

Notes
Turn   | Place    | Note
-------+----------+-------------------------------------------
     0 | D:1      | tarna41 the Draconian Conjurer began the quest for the Orb.
     0 | D:1      | Reached XP level 1. HP: 14/14 MP: 3/3
    91 | D:1      | Slain by a quokka

Illustrated notes

Levels and vault maps discovered:
D:1:      dpeg_arrival_more_subterranean_lakeside_camping, layout_basic,
          hellmonk_ecumenical_altar_prayer_group

Action                   || total
-------------------------++-------
Melee: Dagger            ||     5
       Whip              ||     4
       Tailslap          ||     1
  Use: Scroll            ||     1
Armor: Skin              ||     3
Dodge: Dodged            ||    13

Table legend: (Time is in decaauts)
 A = Elapsed time spent in this place.
 B = Non-inter-level travel time spent in this place.
 C = Inter-level travel time spent in this place.
 D = Time resting spent in this place.
 E = Time spent auto-exploring this place.
 F = Levels seen in this place.
 G = Mean time per level.
                   A        B        C        D        E       F      G
               +--------+--------+--------+--------+--------+-----+--------+
         Total |     92 |     44 |     48 |      0 |      0 |   1 |   92.0 |
       Dungeon |     92 |     44 |     48 |      0 |      0 |   1 |   92.0 |
               +--------+--------+--------+--------+--------+-----+--------+

Top non-repeatable levels by time:
     D:1: 92 daAuts
